 Dungeon Crawl Stone Soup version 0.28.0-1-gb440e238dd (webtiles) character file.

Game seed: 10559152220927208332

21 Colgate the Conjurer (level 2, 0/19 HPs)
             Began as a Demonspawn Conjurer on Feb 19, 2022.
             Slain by an iguana (11 damage)
             ... on level 1 of the Dungeon.
             The game lasted 00:02:38 (1533 turns).

Colgate the Conjurer (Demonspawn Conjurer)          Turns: 1533, Time: 00:02:39

Health: 0/19       AC:  4    Str:  7    XL:     2   Next: 62%
Magic:  2/5        EV: 12    Int: 19    God:
Gold:   47         SH:  0    Dex: 11    Spells: 2/5 levels left

rFire   . . .      SeeInvis .   b - +0 hand axe
rCold   . . .      Faith    .   (no shield)
rNeg    . . .      Spirit   .   a - +0 robe
rPois   .          Reflect  .   (no helmet)
rElec   .          Harm     .   (no cloak)
rCorr   .          Rampage  .   (no gloves)
Will    .....                   (no boots)
Stlth   ++........              (no amulet)
HPRegen 0.06/turn               (no ring)
MPRegen 0.09/turn               (no ring)

@: no status effects
A: molten scales 1
a: no special abilities


You were on level 1 of the Dungeon.
You visited 1 branch of the dungeon, and saw 2 of its levels.

You collected 47 gold pieces.

Inventory:

Hand Weapons
 b - a +0 hand axe (weapon)
Armour
 a - a +0 robe (worn)
Potions
 c - a potion of heal wounds {unknown}
 d - a potion of magic {unknown}


   Skills:
 - Level 1.7 Dodging
 - Level 1.7 Stealth
 - Level 2.0 Spellcasting
 + Level 4.8 Conjurations


You had 2 spell levels left.
You knew the following spells:

 Your Spells              Type           Power      Damage    Failure   Level
a - Magic Dart            Conj           80%        1d7       2%          1
b - Searing Ray           Conj           40%        2d5       3%          2

Your spell library contained the following spells:

 Spells                   Type           Power      Damage    Failure   Level
 Dazzling Flash           Conj/Hex       22%        N/A       19%         3
 Fulminant Prism          Conj/Hex       5%         3d7       54%         4
 Iskenderun's Mystic Bla  Conj/Tloc      11%        2d4       54%         4


Dungeon Overview and Level Annotations

Branches:
Dungeon (2/15)

Altars:


Innate Abilities, Weirdness & Mutations

You are partially covered in molten scales. (AC +2)


Message History

Aim: an iguana (wandering, hasn't noticed you, 100% to hit)
The magic dart hits the iguana but does no damage.
The iguana hisses angrily.
Casting: Magic Dart (safe; 2% risk of failure)
Aiming: Searing Ray (safe; 3% risk of failure)
Okay, then.
You climb upwards.
There is a stone staircase leading down here.
Magic restored.
Done exploring.
You climb downwards.
There is a stone staircase leading up here.
Casting: Searing Ray (safe; 3% risk of failure)
Aiming: Searing Ray (safe; 3% risk of failure)
Aim: an iguana (81% to hit)
The searing ray hits the iguana but does no damage. (Press . to maintain the ray.)
The searing ray hits the iguana.
The searing ray hits the iguana.
The searing ray hits the iguana.
You finish channelling your searing ray.
The iguana closely misses you. The iguana completely misses you.
You climb upwards.
There is a stone staircase leading down here.
The iguana hisses menacingly.
The iguana hisses menacingly.
Casting: Searing Ray (safe; 3% risk of failure)
Aiming: Searing Ray (safe; 3% risk of failure)
Aim: an iguana (heavily wounded, 81% to hit)
The searing ray hits the iguana but does no damage. (Press . to maintain the ray.)
The iguana closely misses you.
The searing ray hits the iguana.
The iguana bites you!
Ouch! That really hurt!
The searing ray hits the iguana.
The iguana bites you but does no damage.
The iguana bites you!
Ouch! That really hurt!
You die...

#.# #.########.#
#####>###........#.#
.......#########)#.#
PPPPPP....(......>.###
PPPPPP..########.....#####
..PPPP..#..........#.....#
PP.PPP..#.#.........####.#
PP.PPP..#.#..............#
.PP.PP..#.###.#.@#.####..#
P.P.PP#.#......l.#.# #..#
P.P.PP#......###.#.####..#
P.P.PP#......+...........#
.PP.PP##.....###.#.#####.#
PP.PPP##.....# #.......#.#
PP.PPP##.....# #.#####.#.#
..PPPP##.....###.#####.#.#
PPPPPP##.................#


You could see an iguana.

Vanquished Creatures
  A dart slug (D:1)
  3 bats
  An endoplasm (D:1)
  2 giant cockroaches (D:1)
  2 goblins (D:1)
  4 ball pythons (D:1)
  3 frilled lizards (D:1)
  A kobold (D:1)
  3 rats (D:1)
20 creatures vanquished.

Notes
Turn   | Place    | Note
-------+----------+-------------------------------------------
     0 | D:1      | Colgate the Demonspawn Conjurer began the quest for the
                  | Orb.
     0 | D:1      | Reached XP level 1. HP: 13/13 MP: 3/3
   265 | D:1      | Gained mutation: You are partially covered in molten
                  | scales. (AC +2) [demonic ancestry]
   265 | D:1      | Reached XP level 2. HP: 19/19 MP: 0/5
   268 | D:1      | Learned a level 2 spell: Searing Ray
  1533 | D:1      | Slain by an iguana

Illustrated notes

Levels and vault maps discovered:
D:1:      roderic_crop_circles_arrival_small, layout_basic,
          grunt_decor_junction, kennysheep_crisscross, minmay_misc_feat_hallway
D:2:      layout_rooms, nicolae_ecumenical_lake_church, basic_altar,
          uniq_sigmund

Action                   || total
-------------------------++-------
 Cast: Magic Dart        ||    34
       Searing Ray       ||     5
Armor: Robe              ||     2
Dodge: Dodged            ||     3
